NCAA
DUKE BLUE DEVILS @ TEXAS CHRISTIAN HORNED FROGS
05/04/2026
 
TOP OF THE 1ST
Duke Blue Devils batting - Pitching for Texas Christian Horned Frogs : LHP Ralph Slater
Pitching: LHP Ralph Slater
Batting: RHB Joe Leach 0-0: Called Strike
0-1: Ball
1-1: Ball
2-1: Ball
3-1: Foul Ball, location: 2F
3-2: Base on Balls
Batting: RHB Matt Osborne 0-0: Called Strike
0-1: Ball
1-1: Foul Ball, location: 2F
1-2: Fly out, F7 (Popup, 7LS)
Batting: RHB Jesús Herrera 0-0: Called Strike
0-1: Foul Ball, location: 2F
0-2: Foul Ball, location: 2F
0-2: Fly out, F3 (Popup, 3F)
Batting: RHB Jim Love 0-0: SINGLE (Groundball, 56)
Joe Leach to second
Batting: RHB José Reyes 0-0: Ball
Wild Pitch!
Joe Leach to third
Jim Love to second
1-0: Foul Ball, location: 2F
1-1: Ball
2-1: Foul Ball, location: 2F
2-2: 3-RUN HOME RUN (Flyball, 9D), Distance : 387 ft
Batting: RHB John James 0-0: Foul Ball, location: 2F
0-1: Ball
1-1: Swinging Strike
1-2: Strikes out swinging
Top of the 1st over - 3 run(s), 2 hit(s), 0 error(s), 0 left on base; Duke 3 - Texas Christian 0
BOTTOM OF THE 1ST
Texas Christian Horned Frogs batting - Pitching for Duke Blue Devils : RHP Peter Watson
Pitching: RHP Peter Watson
Batting: RHB Stan Webb 0-0: Foul Ball, location: 2F
0-1: Ball
1-1: Foul Ball, location: 2F
1-2: Ball
2-2: Foul Ball, location: 2F
2-2: Ball
3-2: Base on Balls
Batting: SHB Robbie Rhodes 0-0: Ball
1-0: Ball
2-0: DOUBLE (Flyball, 89XD)
Stan Webb to third
Runner from 3rd tries for Home, SAFE, throw made at trailing runner, OUT at third!
Batting: RHB Bob McDonald 0-0: Ball
1-0: Foul Ball, location: 2F
1-1: Ball
2-1: Swinging Strike
2-2: Strikes out swinging
Batting: RHB Anthony Walsh 0-0: Called Strike
0-1: Ground out 5-3 (Groundball, 5S)
Bottom of the 1st over - 1 run(s), 1 hit(s), 0 error(s), 0 left on base; Duke 3 - Texas Christian 1
TOP OF THE 2ND
Duke Blue Devils batting - Pitching for Texas Christian Horned Frogs : LHP Ralph Slater
Batting: RHB Jake Belcher 0-0: Ball
1-0: Ground out 6-3 (Groundball, 6)
Batting: RHB Randall Walker 0-0: Called Strike
0-1: Hit by Pitch
Batting: LHB Dennis King 0-0: Ball
1-0: Swinging Strike
1-1: Ball
2-1: Ball
3-1: Foul Ball, location: 2F
3-2: Foul Ball, location: 2F
3-2: Base on Balls
Randall Walker to second
Batting: RHB Joe Leach 0-0: Ball
Dennis King is caught stealing 2nd base
1-0: SINGLE (Line Drive, 8LS)
Randall Walker scores
Batting: RHB Matt Osborne 0-0: Swinging Strike
0-1: Ball
1-1: Foul Ball, location: 2F
Pickoff Throw to First - Out!
Top of the 2nd over - 1 run(s), 1 hit(s), 0 error(s), 0 left on base; Duke 4 - Texas Christian 1
BOTTOM OF THE 2ND
Texas Christian Horned Frogs batting - Pitching for Duke Blue Devils : RHP Peter Watson
Batting: LHB Ryan Flynn 0-0: Foul Ball, location: 2F
0-1: Foul Ball, location: 2F
0-2: Ball
1-2: Ball
2-2: Ball
3-2: Ground out U3 (Groundball, 3S)
Batting: SHB Richie Gallegos 0-0: Ball
1-0: Foul Ball, location: 2F
1-1: Ball
2-1: Ball
3-1: SINGLE (Popup, 7LS)
Batting: LHB Paul Lee 0-0: Grounds into double play, 1-6-3 (Groundball, 15)
Bottom of the 2nd over - 0 run(s), 1 hit(s), 0 error(s), 0 left on base; Duke 4 - Texas Christian 1
TOP OF THE 3RD
Duke Blue Devils batting - Pitching for Texas Christian Horned Frogs : LHP Ralph Slater
Batting: RHB Matt Osborne 0-0: Ball
1-0: Ball
2-0: Foul Ball, location: 2F
2-1: Ball
3-1: Base on Balls
Batting: RHB Jesús Herrera 0-0: Ball
1-0: Called Strike
1-1: Ball
2-1: Ball
3-1: Base on Balls
Matt Osborne to second
Batting: RHB Jim Love 0-0: Ball
1-0: Foul Ball, location: 2F
1-1: SINGLE (Groundball, 56D)
Matt Osborne to third
Jesús Herrera to second
Batting: RHB José Reyes 0-0: Called Strike
0-1: Ball
1-1: Ball
2-1: GRAND SLAM HOME RUN (Line Drive, 9LD), Distance : 342 ft
Pitching: LHP Liam Frison
Batting: RHB John James 0-0: Ball
1-0: Ball
2-0: Called Strike
2-1: Swinging Strike
2-2: Strikes out swinging
Batting: RHB Jake Belcher 0-0: Ball
1-0: Foul Ball, location: 2F
1-1: Ball
2-1: Foul Ball, location: 2F
2-2: Strikes out swinging
Batting: RHB Randall Walker 0-0: Ball
1-0: Swinging Strike
1-1: Fly out, F4 (Popup, 34D)
Top of the 3rd over - 4 run(s), 2 hit(s), 0 error(s), 0 left on base; Duke 8 - Texas Christian 1
BOTTOM OF THE 3RD
Texas Christian Horned Frogs batting - Pitching for Duke Blue Devils : RHP Peter Watson
Batting: RHB Britt Short 0-0: Fly out, F7 (Line Drive, 7M)
Batting: RHB José Reyes 0-0: Ball
1-0: Foul Ball, location: 2F
1-1: Foul Ball, location: 2F
1-2: Ball
2-2: Fly out, F4 (Popup, 8RS)
Batting: RHB Stan Webb 0-0: Ball
1-0: Ball
2-0: Ball
3-0: Base on Balls
Batting: SHB Robbie Rhodes 0-0: Called Strike
0-1: Swinging Strike
0-2: Strikes out swinging
Bottom of the 3rd over - 0 run(s), 0 hit(s), 0 error(s), 1 left on base; Duke 8 - Texas Christian 1
TOP OF THE 4TH
Duke Blue Devils batting - Pitching for Texas Christian Horned Frogs : LHP Liam Frison
Batting: LHB Dennis King 0-0: Called Strike
0-1: Called Strike
0-2: SINGLE (Groundball, 34D)
Batting: RHB Joe Leach 0-0: Ball
1-0: Ball
2-0: Fly out, F8 (Flyball, 8LS)
Batting: RHB Matt Osborne 0-0: SINGLE (Line Drive, 4D)
Dennis King to second
Batting: RHB Jesús Herrera 0-0: Swinging Strike
0-1: Swinging Strike
0-2: Strikes out swinging
Batting: RHB Jim Love 0-0: Ball
1-0: SINGLE (Line Drive, 8LS)
Dennis King to third
Matt Osborne to second
Runner from 3rd tries for Home, SAFE, throw made home
Matt Osborne to third
Jim Love to second
Batting: RHB José Reyes 0-0: Ball
1-0: Ball
2-0: Ball
3-0: Base on Balls
Batting: RHB John James 0-0: Foul Ball, location: 2F
0-1: Ground out 5-3 (Groundball, 5)
Top of the 4th over - 1 run(s), 3 hit(s), 0 error(s), 3 left on base; Duke 9 - Texas Christian 1
BOTTOM OF THE 4TH
Texas Christian Horned Frogs batting - Pitching for Duke Blue Devils : RHP Peter Watson
Batting: RHB Bob McDonald 0-0: Called Strike
0-1: Ball
1-1: Swinging Strike
1-2: SINGLE (Line Drive, 34D)
Batting: RHB Anthony Walsh 0-0: Grounds into double play, 5-4-3 (Groundball, 5L)
Batting: LHB Ryan Flynn 0-0: Ball
1-0: Ball
2-0: Called Strike
2-1: SOLO HOME RUN (Flyball, 9D), Distance : 369 ft
Batting: SHB Richie Gallegos 0-0: Ball
1-0: Foul Ball, location: 2F
1-1: Foul Ball, location: 2F
1-2: Ball
2-2: Ball
3-2: SINGLE (Groundball, 34D)
Batting: LHB Paul Lee 0-0: Ball
1-0: Foul Ball, location: 2F
1-1: Foul Ball, location: 2F
1-2: SINGLE (Flyball, 89M)
Richie Gallegos to second
Batting: RHB Britt Short 0-0: Ground out 6-3 (Groundball, 6)
Bottom of the 4th over - 1 run(s), 4 hit(s), 0 error(s), 2 left on base; Duke 9 - Texas Christian 2
TOP OF THE 5TH
Duke Blue Devils batting - Pitching for Texas Christian Horned Frogs : LHP Liam Frison
Batting: RHB Jake Belcher 0-0: Ball
1-0: Fly out, F9 (Flyball, 9M)
Batting: RHB Randall Walker 0-0: SINGLE (Line Drive, 8LS)
Batting: LHB Dennis King 0-0: Ball
1-0: Called Strike
1-1: Ball
2-1: Foul Ball, location: 2F
2-2: Strikes out swinging
Batting: RHB Joe Leach 0-0: Ball
1-0: Fly out, F8 (Line Drive, 8LS)
Top of the 5th over - 0 run(s), 1 hit(s), 0 error(s), 1 left on base; Duke 9 - Texas Christian 2
BOTTOM OF THE 5TH
Texas Christian Horned Frogs batting - Pitching for Duke Blue Devils : RHP Peter Watson
Batting: RHB José Reyes 0-0: Ball
1-0: Foul Ball, location: 2F
1-1: Called Strike
1-2: Strikes out swinging
Batting: RHB Stan Webb 0-0: Ground out 4-3 (Groundball, 4)
Batting: SHB Robbie Rhodes 0-0: Ground out 5-3 (Groundball, 5S)
Bottom of the 5th over - 0 run(s), 0 hit(s), 0 error(s), 0 left on base; Duke 9 - Texas Christian 2
TOP OF THE 6TH
Duke Blue Devils batting - Pitching for Texas Christian Horned Frogs : LHP Liam Frison
Batting: RHB Matt Osborne 0-0: SOLO HOME RUN (Flyball, 78D), Distance : 431 ft
Batting: RHB Jesús Herrera 0-0: Ground out 4-3 (Groundball, 4M)
Batting: RHB Jim Love 0-0: Called Strike
0-1: Swinging Strike
0-2: Ball
1-2: Foul Ball, location: 2F
1-2: Reaches on Catchers interference
Batting: RHB José Reyes 0-0: Ball
1-0: Ball
2-0: Ball
3-0: Base on Balls
Jim Love to second
Pitching: LHP Damon Foster
Batting: RHB John James 0-0: Ball
1-0: Foul Ball, location: 2F
1-1: Swinging Strike
1-2: Ball
2-2: Fly out, F9 (Flyball, 89M)
Batting: RHB Jake Belcher 0-0: Ball
1-0: Fielders Choice at 2nd, U6 (Groundball, 6M)
Top of the 6th over - 1 run(s), 1 hit(s), 1 error(s), 2 left on base; Duke 10 - Texas Christian 2
BOTTOM OF THE 6TH
Texas Christian Horned Frogs batting - Pitching for Duke Blue Devils : RHP Peter Watson
Batting: RHB Bob McDonald 0-0: Ground out 6-3 (Groundball, 6)
Batting: RHB Anthony Walsh 0-0: Ball
1-0: DOUBLE (Line Drive, 9LS)
Batting: LHB Ryan Flynn 0-0: Swinging Strike
0-1: Ball
1-1: Called Strike
1-2: Ball
2-2: Foul Ball, location: 2F
2-2: Strikes out swinging
Batting: SHB Richie Gallegos 0-0: Ball
Wild Pitch!
Anthony Walsh to third
1-0: Ball
2-0: Ball
3-0: Base on Balls
Pitching: RHP Albert Villa
Batting: LHB Paul Lee 0-0: Ball
1-0: Foul Ball, location: 2F
1-1: Called Strike
1-2: Ball
2-2: Foul Ball, location: 2F
2-2: Ball
3-2: Base on Balls
Richie Gallegos to second
Batting: RHB Britt Short 0-0: Foul Ball, location: 2F
0-1: Ball
1-1: Ball
2-1: Fly out, F9 (Flyball, 9M)
Bottom of the 6th over - 0 run(s), 1 hit(s), 0 error(s), 3 left on base; Duke 10 - Texas Christian 2
TOP OF THE 7TH
Duke Blue Devils batting - Pitching for Texas Christian Horned Frogs : LHP Damon Foster
Batting: RHB Randall Walker 0-0: Foul Ball, location: 2F
0-1: Foul Ball, location: 2F
0-2: Ball
1-2: Strikes out swinging
Batting: LHB Dennis King 0-0: Foul Ball, location: 2F
0-1: Ball
1-1: Ball
2-1: SOLO HOME RUN (Flyball, 89XD), Distance : 417 ft
Batting: RHB Joe Leach 0-0: SOLO HOME RUN (Flyball, 8LXD), Distance : 445 ft
Batting: RHB Matt Osborne 0-0: Ball
1-0: Called Strike
1-1: Ball
2-1: Foul Ball, location: 2F
2-2: Foul Ball, location: 2F
2-2: Ball
3-2: Foul Ball, location: 2F
3-2: Strikes out swinging
Batting: RHB Jesús Herrera 0-0: Ball
1-0: Called Strike
1-1: Fly out, F8 (Flyball, 8RD)
Top of the 7th over - 2 run(s), 2 hit(s), 0 error(s), 0 left on base; Duke 12 - Texas Christian 2
BOTTOM OF THE 7TH
Texas Christian Horned Frogs batting - Pitching for Duke Blue Devils : RHP Albert Villa
Batting: RHB José Reyes 0-0: Ball
1-0: Called Strike
1-1: Swinging Strike
1-2: Fly out, F8 (Flyball, 8RM)
Batting: RHB Stan Webb 0-0: Foul Ball, location: 2F
0-1: SINGLE (Flyball, 7LS)
Batting: SHB Robbie Rhodes 0-0: Ball
1-0: Foul Ball, location: 2F
1-1: Fly out, F6 (Popup, 6MD)
Batting: RHB Bob McDonald 0-0: Ball
1-0: Swinging Strike
1-1: Swinging Strike
1-2: Foul Ball, location: 2F
1-2: Foul Ball, location: 2F
Reached via error on a dropped throw, E3
Stan Webb to second
Batting: RHB Anthony Walsh 0-0: Ball
1-0: Ball
2-0: Called Strike
2-1: Foul Ball, location: 2F
2-2: Strikes out swinging
Bottom of the 7th over - 0 run(s), 1 hit(s), 1 error(s), 2 left on base; Duke 12 - Texas Christian 2
TOP OF THE 8TH
Duke Blue Devils batting - Pitching for Texas Christian Horned Frogs : LHP Damon Foster
Batting: RHB Jim Love 0-0: Ball
1-0: Ball
2-0: Ball
3-0: Base on Balls
Batting: RHB José Reyes 0-0: Ball
1-0: Ball
2-0: Ball
3-0: Called Strike
3-1: Foul Ball, location: 2F
3-2: Base on Balls
Jim Love to second
Batting: RHB John James 0-0: Bunted foul
0-1: Sac Bunt - play at first, batter OUT! 1-4
Jim Love to third
José Reyes to second
Pitching: LHP Martín Sánchez
Batting: RHB Jake Belcher 0-0: Called Strike
0-1: Ball
Wild Pitch!
Jim Love scores
José Reyes to third
1-1: Ball
2-1: Foul Ball, location: 2F
2-2: Fly out, F4 (Line Drive, 4)
Batting: RHB Randall Walker 0-0: Ball
1-0: Called Strike
1-1: Ball
2-1: Swinging Strike
2-2: Foul Ball, location: 2F
2-2: Ball
Wild Pitch!
José Reyes scores
3-2: Foul Ball, location: 2F
3-2: Foul Ball, location: 2F
3-2: Base on Balls
Batting: LHB Dennis King 0-0: Swinging Strike
0-1: Ball
1-1: Ball
2-1: Foul Ball, location: 2F
2-2: Strikes out swinging
Top of the 8th over - 2 run(s), 0 hit(s), 0 error(s), 1 left on base; Duke 14 - Texas Christian 2
BOTTOM OF THE 8TH
Texas Christian Horned Frogs batting - Pitching for Duke Blue Devils : RHP Albert Villa
Batting: LHB Ryan Flynn 0-0: Ball
1-0: Called Strike
1-1: Fly out, F5 (Popup, 56D)
Batting: SHB Richie Gallegos 0-0: Ball
1-0: Ball
2-0: Called Strike
2-1: Swinging Strike
2-2: Ground out 6-3 (Groundball, 6)
Batting: LHB Paul Lee 0-0: Ball
1-0: Ball
2-0: Called Strike
2-1: Ball
3-1: Base on Balls
Batting: RHB Britt Short 0-0: Ball
1-0: Swinging Strike
1-1: Ball
2-1: Foul Ball, location: 2F
2-2: Strikes out looking
Bottom of the 8th over - 0 run(s), 0 hit(s), 0 error(s), 1 left on base; Duke 14 - Texas Christian 2
TOP OF THE 9TH
Duke Blue Devils batting - Pitching for Texas Christian Horned Frogs : LHP Martín Sánchez
Pitching: LHP William Romero
Batting: RHB Joe Leach 0-0: Called Strike
0-1: SOLO HOME RUN (Flyball, 7D), Distance : 399 ft
Batting: RHB Matt Osborne 0-0: Ball
1-0: Ground out 1-3 (Groundball, 15)
Batting: RHB Jesús Herrera 0-0: Swinging Strike
0-1: Fly out, F9 (Flyball, 9M)
Batting: RHB Jim Love 0-0: Called Strike
0-1: Ground out 4-3 (Groundball, 4M)
Top of the 9th over - 1 run(s), 1 hit(s), 0 error(s), 0 left on base; Duke 15 - Texas Christian 2
BOTTOM OF THE 9TH
Texas Christian Horned Frogs batting - Pitching for Duke Blue Devils : RHP Albert Villa
Batting: RHB José Reyes 0-0: Called Strike
0-1: SINGLE (Line Drive, 78S)
Pitching: LHP Walt Stone
Batting: RHB Stan Webb 0-0: Called Strike
0-1: Called Strike
0-2: Ball
1-2: Ball
Wild Pitch!
José Reyes to second
2-2: Ball
3-2: Base on Balls
Batting: SHB Robbie Rhodes 0-0: Foul Ball, location: 2F
0-1: Ground out 5-3 (Groundball, 5S)
José Reyes to third
Stan Webb to second
Batting: RHB Bob McDonald 0-0: Ball
1-0: Ball
2-0: Ball
3-0: Base on Balls
Batting: RHB Anthony Walsh 0-0: Called Strike
0-1: Ball
1-1: Reached on Error, E9 (Flyball, 89M)
José Reyes scores
Stan Webb to third
Bob McDonald to second
Batting: LHB Ryan Flynn 0-0: Ball
1-0: Ball
2-0: Called Strike
2-1: Foul Ball, location: 2F
2-2: Ball
3-2: Base on Balls
Stan Webb scores
Bob McDonald to third
Anthony Walsh to second
Batting: SHB Richie Gallegos 0-0: Ball
1-0: Ball
2-0: Grounds into double play, 6-4-3 (Groundball, 6)
Bottom of the 9th over - 2 run(s), 1 hit(s), 1 error(s), 2 left on base; Duke 15 - Texas Christian 4
Monday, December 5th, 2016 - OOTP Baseball 17.12 Build 75